 Dungeon Crawl Stone Soup version 0.29.1-13-g9f3cf754e1 (webtiles) character file.

Game seed: 18394316879898419272

554 retardedninja the Trooper (level 7, 0/44 HPs)
             Began as a Gargoyle Fighter on Jan 26, 2023.
             Was an Initiate of Gozag.
             Slain by an orc warrior
             ... wielding a +0 long sword
              (8 damage)
             ... on level 4 of the Dungeon.
             The game lasted 00:06:08 (4800 turns).

retardedninja the Trooper (Gargoyle Fighter)        Turns: 4800, Time: 00:06:09

Health: 0/44       AC: 26    Str: 21    XL:     7   Next: 30%
Magic:  7/7        EV: 10    Int:  9    God:    Gozag
Gold:   452        SH:  4    Dex:  9    Spells: 6/6 levels left

rFire   . . .      SeeInvis .   b - +2 flail (protect)
rCold   . . .      Faith    .   c - +0 buckler
rNeg    + . .      Spirit   .   n - +2 plate armour
rPois   ∞          Reflect  .   k - +0 helmet
rElec   +          Harm     .   (no cloak)
rCorr   .          Rampage  .   (no gloves)
Will    +....      Rnd*Tele +   r - +1 pair of boots
Stlth   ..........              (no amulet)
HPRegen 0.14/turn               g - +4 ring of evasion
MPRegen 0.10/turn               p - ring of willpower

@: gold aura, under a protective aura
A: sickness immunity, AC +4, negative energy resistance 1, electricity
resistance, torment resistance 1, petrification resistance, iridescent scales 1,
deformed body, teleportitis 1, MP-powered wands
a: Renounce Religion, Potion Petition, Call Merchant, Bribe Branch


You were on level 4 of the Dungeon.
You worshipped Gozag.
Gozag was aware of your devotion.
You visited 1 branch of the dungeon, and saw 4 of its levels.

You collected 482 gold pieces.
You paid 30 gold pieces to Gozag.

Inventory:

Hand Weapons
 b - a +2 flail of protection (weapon)
Missiles
 u - 5 silver javelins (quivered)
Armour
 c - a +0 buckler (worn)
 k - a +0 helmet (worn)
 n - a +2 plate armour (worn)
 r - a +1 pair of boots (worn)
Jewellery
 g - a +4 ring of evasion (left hand)
 p - a ring of willpower (right hand)
Scrolls
 d - a scroll of brand weapon {unknown}
 h - a scroll of teleportation
 j - a scroll of torment
 m - a scroll of vulnerability {unknown}
 o - a scroll of fog {unknown}
 q - a scroll of blinking
 t - a scroll of amnesia {unknown}
Potions
 e - 4 potions of mutation
 f - 2 potions of curing
 i - a potion of haste
 l - 3 potions of heal wounds
 s - a potion of ambrosia


   Skills:
 + Level 5.3 Fighting
 + Level 4.1 Maces & Flails
 + Level 5.2 Armour
 + Level 5.2 Shields


You had 6 spell levels left.
You didn't know any spells.
Your spell library contained the following spells:

 Spells                   Type           Power      Damage    Failure   Level
 Blink                    Tloc           0%         N/A       100%        2
 Lesser Beckoning         Tloc           0%         N/A       100%        3
 Tukima's Dance           Hex            0%         N/A       100%        3
 Leda's Liquefaction      Hex/Erth       0%         N/A       100%        4
 Passage of Golubria      Tloc           0%         N/A       100%        4
 Lee's Rapid Deconstruct  Erth           0%         3d5*      100%        5
 Manifold Assault         Tloc           0%         N/A       100%        5
 Yara's Violent Unravell  Hex/Tmut       0%         3d3       100%        5
 Statue Form              Tmut/Erth      Unusable   N/A       N/A         6

Dungeon Overview and Level Annotations

Branches:
Dungeon (4/15)
 Temple: D:4-7

Altars:
Gozag


Innate Abilities, Weirdness & Mutations

You are immune to sickness and miasma.
Your stone body is resilient. (AC +4)
You are immune to poison.
You resist negative energy. (rN+)
You are resistant to electric shocks. (rElec)
You are resistant to unholy torment.
You are immune to petrification.
You are partially covered in iridescent scales. (AC +2)
Armour fits poorly on your strangely shaped body.
You are occasionally teleported next to monsters.
You expend magic power (3 MP) to strengthen your wands.


Message History

Deactivating autopickup; reactivate with Ctrl-A.
The orc warrior hits you but does no damage.
Unknown command.
You completely miss the orc warrior.
The orc warrior is lightly wounded.
Unknown command.
You hit the orc warrior but do no damage.
The orc warrior is lightly wounded.
The orc warrior hits you but does no damage.
The orc priest casts a cantrip, but nothing happens.
The orc warrior misses you.
You hear some strange, mumbled words.
A magic dart appears from out of thin air!
The magic dart hits you but does no damage.
You hit the orc warrior but do no damage.
The orc warrior is lightly wounded.
The orc warrior hits you with a +0 long sword.
Something hits you but does no damage.
Unknown command.
You hit the orc warrior.
The orc warrior is lightly wounded.
Something hits you but does no damage.
The orc warrior hits you with a +0 long sword.
The orc priest invokes the aid of Beogh against you.
Beogh smites you!
Unknown command.
You are too injured to fight recklessly!
Unknown command.
You hit something. Something hits you but does no damage.
The orc warrior hits you but does no damage.
You closely miss something.
The orc warrior hits you with a +0 long sword.
Something hits you but does no damage.
The orc priest calls down the wrath of Beogh upon you.
Beogh smites you!
* * * LOW HITPOINT WARNING * * *
You miss something. Something hits you but does no damage.
The orc warrior hits you with a +0 long sword!
You die...
Your body crumbles into a pile of gold.

#### #. ..# #. #.#
#. #.#
#.####.############
#.#........#)......
#o#.##.###.#.##.###
#{#.##.# #.#.#<..##
#o@....# #......>..
###.#### ###.#...##
#.# #.##.### #.#
#....... #.#
####.### #.# ##'##
#.# ##...## ..#
##.....# ##.......


You could see an orc warrior and an orc priest.

Vanquished Creatures
  A wyvern (D:4)
  A phantom (D:4)
  A necrophage (D:4)
  A jelly (D:4)
  A hound (D:4)
  Robin (D:2)
  9 adders
  2 worms (D:2)
  A dart slug (D:4)
  4 orcs
  11 endoplasms
  A giant cockroach (D:2)
  4 hobgoblins
  17 jackals
  3 quokkas (D:1)
  2 ball pythons (D:1)
  4 bats (D:1)
  7 frilled lizards
  17 goblins
  14 kobolds
  4 rats
106 creatures vanquished.

Notes
Turn   | Place    | Note
-------+----------+-------------------------------------------
     0 | D:1      | retardedninja the Gargoyle Fighter began the quest for the
                  | Orb.
     0 | D:1      | Reached XP level 1. HP: 14/14 MP: 1/1
    19 | D:1      | Found a faded altar of an unknown god.
    82 | D:1      | Reached XP level 2. HP: 18/19 MP: 2/2
   532 | D:1      | Reached XP level 3. HP: 23/23 MP: 3/3
  1378 | D:2      | Reached XP level 4. HP: 26/29 MP: 4/4
  1442 | D:2      | Noticed Robin
  1677 | D:1      | Gained mutation: Armour fits poorly on your strangely
                  | shaped body. [potion of mutation]
  1677 | D:1      | Gained mutation: You expend magic power (3 MP) to
                  | strengthen your wands. [potion of mutation]
  1677 | D:1      | Gained mutation: You are occasionally teleported next to
                  | monsters. [potion of mutation]
  1677 | D:1      | Gained mutation: You are partially covered in iridescent
                  | scales. (AC +2) [potion of mutation]
  2485 | D:2      | Killed Robin
  2599 | D:2      | Reached XP level 5. HP: 32/33 MP: 5/5
  2706 | D:2      | Found an opulent altar of Gozag.
  2722 | D:2      | Became a worshipper of Gozag Ym Sagoz the Greedy
  3833 | D:4      | Identified the +0 sling "Ycuacabu" {freeze, Int+7}
  3872 | D:4      | Noticed a phantom
  3880 | D:4      | Reached XP level 6. HP: 35/39 MP: 6/6
  4468 | D:4      | Noticed a wyvern
  4481 | D:4      | Killed a wyvern
  4482 | D:4      | Reached skill level 5 in Fighting
  4482 | D:4      | Reached skill level 5 in Armour
  4482 | D:4      | Reached skill level 5 in Shields
  4482 | D:4      | Reached XP level 7. HP: 34/44 MP: 7/7
  4800 | D:4      | Slain by an orc warrior

Illustrated notes

Levels and vault maps discovered:
D:1:      sevenhm_arrival_forest_fort_small_5, layout_basic,
          chequers_ecumenical_altar_simple
D:2:      layout_rooms, basic_altar, uniq_robin
D:3:      layout_rooms
D:4:      layout_loops_corners, minmay_vboxes

Skill      XL: |  1  2  3  4  5  6 |
---------------+-------------------+-----
Armour         | 4 5 |  5.2
Fighting       | 4 5 |  5.3
Shields        | 4 5 |  5.2
Maces & Flails | 3 4 |  4.1

Action                   |  1- 3 |  4- 6 |  7- 9 || total
-------------------------+-------+-------+-------++-------
Melee: Flail             |   131 |   271 |    18 ||   420
Throw: Javelin           |       |     5 |       ||     5
  Use: Potion            |       |     3 |       ||     3
       Scroll            |       |     9 |       ||     9
 Stab: Distracted        |       |     2 |       ||     2
Armor: Scale mail        |    77 |       |       ||    77
       Plate armour      |    43 |   290 |    13 ||   346
Dodge: Dodged            |    84 |   243 |     7 ||   334
Block: Buckler           |    48 |   117 |       ||   165
